Map: Winter's Gate LE

Players

LeoNydus

  • Race: Zerg Zerg
  • League: Platinum
  • Spawn Location: 11:00

pHARM - Winner!

  • Race: Zerg Zerg
  • League: Platinum
  • Spawn Location: 5:00

VOD

Have the link to the VOD?

Description

Time

  • Played on: Sept. 8, 2019, 10:01 p.m.
  • Length: 15:44
Show
View Real Time Build Order
Export as new Build Order

LeoNydus Zerg 

Build Orders: Hatch First 

Get SALT Encoding   

  12  0:01  Drone  
  13  0:13  Overlord  
  13  0:17  Drone  
  14  0:32  Drone x2  
  14  0:35  Drone  
  17  0:46  Drone  
  18  0:57  Hatchery  
  17  1:10  Spawning Pool  
  16  1:12  Extractor  
  16  1:14  Drone  
  16  1:17  Drone  
  17  1:22  Drone  
  18  1:28  Drone  
  19  1:39  Overlord  
  19  1:52  Drone  
  20  1:56  Queen  
  20  2:01  Zergling x2  
  23  2:09  Drone, Queen  
  23  2:12  Drone  
  27  2:16  Metabolic Boost  
  27  2:20  Drone  
  28  2:23  Overlord  
  28  2:32  Drone, Queen  
  31  2:47  Overlord  
  31  2:50  Zergling x4  
  33  2:52  Drone  
  34  2:59  Overlord  
  33  3:12  Drone x2, Zergling x4, Baneling Nest  
  36  3:23  Evolution Chamber  
  36  3:24  Extractor  
  36  3:25  Drone x3  
  36  3:26  Roach Warren  
  36  3:40  Drone x3  
  39  3:41  Zergling x4  
  41  3:55  Zergling x4  
  43  3:57  Overlord  
  43  3:59  Overlord  
  43  4:03  Zerg Ground Armor Level 1  
  43  4:11  Roach x3  
  43  4:13  Roach  
  43  4:15  Baneling  
  51  4:17  Baneling  
  51  4:21  Baneling  
  51  4:23  Drone x3  
  54  4:26  Drone  
  52  4:49  Roach x5  
  52  4:50  Roach  
  64  4:55  Zergling x4  
  66  5:00  Drone, Extractor  
  66  5:01  Overlord, Spine Crawler  
  65  5:15  Roach  
  64  5:33  Roach x3  
  64  5:34  Roach x3  
  75  5:39  Overlord x3  
  75  5:42  Overlord  
  75  5:48  Extractor  
  74  5:58  Lair, Hatchery  
  73  6:04  Zerg Missile Weapons Level 1  
  73  6:09  Drone x2  
  75  6:17  Ravager x2  
  77  6:20  Ravager  
  68  6:45  Roach x2  
  68  6:46  Zergling x12, Roach x2  
  78  7:07  Centrifical Hooks  
  78  7:08  Hydralisk Den  
  77  7:09  Drone x4  
  81  7:26  Drone x2  
  81  7:28  Overlord x2  
  81  7:29  Zergling x2  
  84  7:31  Overseer  
  84  7:32  Overseer  
  84  7:39  Baneling  
  84  7:41  Ravager  
  84  7:43  Drone x2  
  87  7:47  Hydralisk  
  87  7:48  Hydralisk  
  91  7:52  Drone x2  
  93  8:02  Drone x2  
  93  8:03  Drone x3  
  98  8:09  Pneumatized Carapace  
  98  8:13  Burrow  
  98  8:14  Glial Reconstitution  
  98  8:28  Hydralisk x2  
  98  8:29  Hydralisk x2  
  98  8:32  Drone x3  
  109  8:44  Hydralisk x2  
  109  8:45  Hydralisk, Roach  
  109  8:46  Roach  
  119  8:50  Zerg Missile Weapons Level 2  
  119  8:55  Extractor  
  119  8:56  Extractor  
  119  8:57  Spore Crawler  
  119  9:00  Drone  
  119  9:01  Drone  
  119  9:02  Spine Crawler  
  117  9:03  Drone  
  118  9:25  Hydralisk x4  
  118  9:26  Roach x2  
  118  9:28  Overlord x2  
  118  9:29  Overlord  
  130  9:52  Overlord x3  
  130  10:00  Overlord x2  
  130  10:03  Overlord  
  130  10:04  Overlord, Drone x2  
  130  10:05  Drone  
  133  10:07  Hatchery, Extractor  
  131  10:33  Hydralisk x5, Roach  
  131  10:34  Roach x4  
  150  10:43  Baneling x4  
  150  10:44  Baneling  
  150  10:47  Drone x2  
  152  11:05  Infestation Pit  
  152  11:06  Zerg Ground Armor Level 2  
  152  11:09  Muscular Augments  
  151  11:12  Hydralisk  
  151  11:13  Hydralisk x4  
  161  11:25  Drone x4  
  161  11:46  Hydralisk x5, Roach  
  161  11:47  Roach x4  
  92  12:04  Hydralisk x4  
  92  12:05  Roach x3  
  94  12:17  Lurker Den  
  94  12:21  Hive  
  93  12:23  Hydralisk x2, Roach x2  
  90  12:39  Hydralisk x2  
  90  12:40  Roach x2  
  99  12:47  Hydralisk x2  
  99  12:48  Roach  
  103  12:55  Hydralisk x2  
  103  12:56  Roach x3  
  109  13:04  Zergling x8  
  109  13:05  Zergling x2  
  114  13:10  Hydralisk  
  114  13:11  Roach  
  114  13:26  Hydralisk x3  
  116  13:27  Roach x3  
  116  13:33  Tunneling Claws  
  124  13:37  Hydralisk  
  124  13:38  Roach  
  127  13:55  Baneling x6  
  126  13:59  Hydralisk x3, Roach x2  
  126  14:00  Roach  
  122  14:26  Hydralisk x4  
  122  14:27  Roach x4  
  131  14:37  Hydralisk x2, Roach  
  131  14:38  Roach  
  113  14:52  Hydralisk  
  107  14:53  Hydralisk x5  
  119  15:09  Roach  
  119  15:10  Roach x3  
  111  15:14  Roach  
Show
View Real Time Build Order
Export as new Build Order

pHARM Zerg - Winner!

Build Orders: Hatch First, Lurkers 

Get SALT Encoding   

  12  0:01  Drone  
  13  0:18  Overlord  
  13  0:26  Drone  
  14  0:36  Drone x2  
  16  0:53  Hatchery  
  16  0:56  Drone x2  
  17  1:03  Drone  
  18  1:17  Extractor  
  17  1:21  Drone, Spawning Pool  
  17  1:28  Drone  
  18  1:35  Drone  
  19  1:45  Drone  
  20  1:57  Drone  
  21  2:08  Queen x2  
  25  2:10  Zergling x4  
  27  2:17  Metabolic Boost  
  27  2:25  Drone  
  28  2:34  Overlord  
  28  2:42  Overlord x2  
  28  3:04  Baneling Nest  
  27  3:15  Drone x6  
  33  3:23  Evolution Chamber  
  33  3:24  Drone  
  33  3:25  Drone x2  
  33  3:26  Roach Warren  
  34  3:28  Lair  
  34  3:56  Queen  
  34  3:57  Drone  
  34  3:58  Drone x7  
  34  4:01  Zerg Missile Weapons Level 1  
  44  4:15  Baneling x2  
  44  4:19  Baneling  
  44  4:27  Extractor  
  44  4:28  Extractor  
  44  4:30  Drone x6  
  48  4:32  Drone  
  47  4:52  Roach x2  
  51  5:03  Overlord x2  
  51  5:11  Spine Crawler  
  51  5:12  Roach  
  52  5:27  Roach x9  
  68  5:48  Glial Reconstitution  
  68  5:50  Hatchery  
  67  6:03  Zerg Missile Weapons Level 2  
  67  6:10  Zergling x2  
  67  6:11  Overlord x5  
  68  6:35  Roach x7  
  80  6:53  Baneling x2  
  78  7:05  Drone x9  
  87  7:11  Overlord  
  87  7:19  Queen  
  88  7:34  Evolution Chamber, Drone x3  
  88  7:36  Drone x5  
  95  7:41  Extractor  
  95  7:42  Hydralisk Den  
  93  7:45  Infestation Pit  
  92  7:51  Extractor  
  92  7:52  Drone  
  92  7:53  Drone x2, Extractor  
  92  7:56  Overseer x4  
  93  7:59  Pneumatized Carapace  
  93  8:01  Zerg Ground Armor Level 1  
  93  8:25  Drone x3  
  93  8:26  Drone x5  
  93  8:27  Drone  
  102  8:29  Roach  
  102  8:30  Roach  
  106  8:36  Hive  
  106  8:40  Overlord x2  
  106  8:41  Grooved Spines  
  106  8:44  Overlord x2  
  106  8:50  Spine Crawler x2  
  104  9:06  Zerg Melee Weapons Level 1  
  104  9:12  Roach x11  
  104  9:13  Roach x2  
  130  9:24  Overlord  
  130  9:25  Overlord x2  
  130  9:41  Overlord x2  
  130  9:43  Overlord x4  
  130  9:46  Roach x4  
  138  9:53  Muscular Augments  
  138  10:03  Zerg Missile Weapons Level 3  
  138  10:15  Roach x10  
  138  10:16  Roach  
  138  10:17  Lurker Den  
  138  10:20  Overlord x2  
  138  10:21  Overlord  
  159  10:54  Hydralisk x11  
  159  10:55  Hatchery, Hydralisk x2  
  184  10:59  Zerg Ground Armor Level 2  
  184  11:03  Drone x2  
  186  11:20  Hydralisk x7  
  194  11:45  Hatchery  
  194  11:46  Roach x13  
  155  11:56  Roach  
  155  12:00  Adaptive Talons  
  137  12:08  Roach x7  
  141  12:09  Roach x2  
  153  12:21  Roach x5  
  155  12:41  Hydralisk  
  155  12:42  Hydralisk x10  
  177  13:04  Lurker x6  
  177  13:05  Hydralisk x2  
  183  13:47  Spine Crawler x2  
  181  13:49  Spine Crawler  
  181  13:50  Drone x5  
  181  13:51  Drone x12  
  197  14:05  Spine Crawler x2  
  195  14:10  Extractor  
  195  14:13  Extractor  
  176  14:49  Hydralisk x12  
Tags
 
Composition
Lurkers
Matchup
ZvZ
Race
Zerg
Replay Pack
10.7.19
Spawn Locations
Cross Positions
Add a new tag
Caveats
  • Supply blocks, unpowered buildings, or Contaminate may cause inaccurate times.
  • Supply counts are checked every 10 seconds.